 Dungeon Crawl Stone Soup version 0.28-a0-32-g8dfe7f97f6 (webtiles) character file.

Game seed: 11809361400137419049

63 Demosthentine the Poker (level 4, -2/33 (34) HPs)
             Began as a Merfolk Gladiator on July 28, 2021.
             Slain by a scorpion (7 damage)
             ... on level 5 of the Dungeon.
             The game lasted 00:01:56 (1870 turns).

Demosthentine the Poker (Merfolk Gladiator)         Turns: 1870, Time: 00:01:57

HP:   -2/33 (34)    AC:  4    Str: 15    XL:     4   Next: 9%
MP:   4/4           EV: 13    Int:  7    God:
Gold: 528           SH:  0    Dex: 15    Spells: 3/3 levels left

rFire   . . .      SeeInvis .   a - +0 trident
rCold   . . .      Faith    .   (no shield)
rNeg    . . .      Spirit   .   b - +0 leather armour
rPois   .          Reflect  .   c - +0 helmet
rElec   .          Harm     .   (no cloak)
rCorr   .          Rampage  .   (no gloves)
Will    .....                   (no boots)
Stlth   +.........              (no amulet)
HPRegen 0.11/turn               (no ring)
MPRegen 0.09/turn               (no ring)

@: hasted, lightly drained, very quick
A: (nimble swimmer 2), mertail
a: no special abilities


You were on level 5 of the Dungeon.
You visited 1 branch of the dungeon, and saw 4 of its levels.

You collected 528 gold pieces.

Inventory:

Hand Weapons
 a - a +0 trident (weapon)
Missiles
 d - 3 throwing nets (quivered)
Armour
 b - a +0 leather armour (worn)
 c - a +0 helmet (worn)
 i - a +0 buckler
Scrolls
 e - 7 scrolls of teleportation
Potions
 f - a potion of cancellation {unknown}
 g - a potion of haste


   Skills:
 + Level 2.9 Fighting
 + Level 5.1 Polearms
 - Level 2.0 Throwing
 + Level 1.0 Armour
 + Level 4.6 Dodging
 + Level 1.0 Shields


You had 3 spell levels left.
You didn't know any spells.
Your spell library contained the following spells:

 Spells                   Type           Power      Damage    Failure   Level
 Slow                     Hex            0%         N/A       65%         2
 Confusing Touch          Hex            0%         N/A       86%         3
 Yara's Violent Unravell  Hex/Tmut       0%         3d3       100%        5


Dungeon Overview and Level Annotations

Branches:
Dungeon (3/15)

Altars:
Beogh

Annotations:
D:3 Grinder


Innate Abilities, Weirdness & Mutations

((You are quick and stealthy near water. (Stealth+, EV+, Speed+++)))
Your lower body shifts to a powerful aquatic tail in water.


Message History

The white imp is severely wounded.
The orc completely misses you. The white imp closely misses you.
Unknown command.
You barely miss the white imp.
The white imp is severely wounded.
The white imp misses you.
You barely miss the white imp.
The white imp is severely wounded.
The white imp gestures at you. The puff of frost hits you!
The orc barely misses you.
Unknown command.
You puncture the white imp!
You kill the white imp!
The orc barely misses you. x2
Your Shields skill increases to level 1!
You have reached level 4!
The orc hits you with a +0 flail. The orc closely misses you.
Unknown command.
The orc barely misses you.
Unknown command.
A scorpion comes into view.
Found a scroll labelled BUUCKIN ROB.
Unknown command.
The orc closely misses you.
Unknown command.
The scorpion stings you.
Unknown command.
Found a curved copper wand.
The scorpion closely misses you. The orc hits you with a +0 falchion.
The orc barely misses you. The scorpion barely misses you.
The orc closely misses you.
A necrophage comes into view.
The necrophage hits you!
* * * LOW HITPOINT WARNING * * *
You feel drained.
The scorpion stings you but does no damage.
The necrophage barely misses you. The necrophage barely misses you.
You feel yourself speed up. The scorpion stings you!
You die...

#.# ###
#######.###.####
...............#
...............#
...............#
............o.?#
##+########..###+##
.#
#####..###..##....
.......ooon@.......
..........s.......#
..../..............
...................
#.####..#######...#
#. #+## ####


You could see a necrophage, a scorpion and 3 orcs.

Vanquished Creatures
  2 adders (D:2)
  A white imp (D:5)
  A worm (D:2)
  2 dart slugs (D:1)
  A ball python (D:2)
  2 endoplasms (D:2)
  2 giant cockroaches
  5 goblins
  4 hobgoblins
  2 bats
  5 frilled lizards
  3 kobolds
  2 rats
32 creatures vanquished.

Notes
Turn   | Place    | Note
-------+----------+-------------------------------------------
     0 | D:1      | Demosthentine the Merfolk Gladiator began the quest for the
                  | Orb.
     0 | D:1      | Reached XP level 1. HP: 16/16 MP: 1/1
   657 | D:1      | Reached XP level 2. HP: 22/23 MP: 2/2
   687 | D:1      | Found a faded altar of an unknown god.
   844 | D:1      | Identified a scroll of acquirement
   844 | D:1      | Acquired 468 gold pieces
   989 | D:2      | Reached XP level 3. HP: 28/28 MP: 3/3
  1179 | D:2      | Reached skill level 5 in Polearms
  1326 | D:2      | Reached skill level 1 in Armour
  1682 | D:3      | Noticed Grinder
  1844 | D:3      | You fall into a shaft and drop 2 floors!
  1844 | D:5      | Entered Level 5 of the Dungeon
  1850 | D:5      | Reached skill level 1 in Shields
  1850 | D:5      | Reached XP level 4. HP: 24/34 MP: 4/4
  1854 | D:5      | Noticed a scorpion
  1866 | D:5      | Noticed a necrophage
  1870 | D:5      | Slain by a scorpion

Illustrated notes

Levels and vault maps discovered:
D:1:      saegor_arrival_simple_a, layout_loops_ring,
          hellmonk_ecumenical_altar_defaced_shrine
D:2:      layout_loops_ring
D:3:      layout_basic, uniq_sigmund, uniq_grinder
D:5:      layout_gridville, gammafunk_ghost_nasty_kobolds

Skill      XL: |  1  2  3 |
---------------+----------+-----
Polearms       | 5 |  5.1
Armour         | 1 |  1.0
Shields        | 1 |  1.0
Fighting       | |  2.9
Throwing       | |  2.0
Dodging        | |  4.6

Action                   |  1- 3 |  4- 6 || total
-------------------------+-------+-------++-------
Melee: Trident           |   116 |       ||   116
  Use: Scroll            |     4 |       ||     4
       Potion            |     2 |     1 ||     3
 Stab: Sleeping          |     2 |       ||     2
Armor: Leather armour    |    24 |     1 ||    25
Dodge: Dodged            |    56 |     9 ||    65

Table legend: (Time is in decaauts)
 A = Elapsed time spent in this place.
 B = Non-inter-level travel time spent in this place.
 C = Inter-level travel time spent in this place.
 D = Time resting spent in this place.
 E = Time spent auto-exploring this place.
 F = Levels seen in this place.
 G = Mean time per level.
                   A        B        C        D        E       F      G
               +--------+--------+--------+--------+--------+-----+--------+
         Total |   1877 |   1802 |     75 |      5 |   1546 |   4 |  469.2 |
       Dungeon |   1877 |   1802 |     75 |      5 |   1546 |   4 |  469.2 |
               +--------+--------+--------+--------+--------+-----+--------+

Top non-repeatable levels by time:
     D:2: 950 daAuts
     D:1: 858 daAuts
     D:3: 42 daAuts
     D:5: 25 daAuts
